 Dungeon Crawl Stone Soup version 0.26.1-2-gb8aa6d0cf2 (webtiles) character file.

Game seed: 13215642919782210839

1650 Gadfly the Cudgeller (level 8, -1/78 HPs)
             Began as a Troll Artificer on Feb 24, 2021.
             Was an Initiate of Gozag.
             Killed by divine providence
             ... invoked by an orc priest
              (13 damage)
             ... on level 7 of the Dungeon.
             The game lasted 00:11:03 (7382 turns).

Gadfly the Cudgeller (Troll Artificer)              Turns: 7382, Time: 00:11:03

Health: -1/78      AC:  7    Str: 22    XL:     8   Next: 67%
Magic:  7/7        EV: 10    Int:  7    God:    Gozag
Gold:   565        SH:  5    Dex: 11    Spells: 7/7 levels left

rFire    + . .     SeeInvis .   v - -1 long sword (curse)
rCold    . . .     Faith    .   (no shield)
rNeg     . . .     Spirit   .   u - +1 robe {rF+}
rPois    .         Reflect  +   (helmet restricted)
rElec    .         Harm     .   (no cloak)
rCorr    .         Rampage  .   (gloves unavailable)
Will     .....                  (boots unavailable)
Stlth    +.........             n - amulet of reflection
HPRegen  0.63/turn              (no ring)
MPRegen  0.10/turn              (no ring)

@: about to teleport
A: large, unfitting armour, claws 3, regeneration 1, shaggy fur 1, tough skin 3
a: Renounce Religion, Potion Petition, Call Merchant, Bribe Branch


You were on level 7 of the Dungeon.
You worshipped Gozag.
Gozag was pleased with you.
You visited 1 branch of the dungeon, and saw 7 of its levels.
You also visited: Sewer.

You collected 622 gold pieces.
You paid 57 gold pieces to Gozag.

Inventory:

Hand Weapons
 a - a +1 flail
 b - a +2 scythe of venom
 v - a cursed -1 long sword (weapon)
Armour
 u - a +1 robe of fire resistance (worn)
Jewellery
 n - an amulet of reflection (around neck)
Wands
 c - a wand of flame (35) (quivered)
 d - a wand of enslavement (15)
 e - a wand of random effects (14)
 r - a wand of iceblast (15)
Scrolls
 j - a scroll of enchant armour
 m - a scroll of fear
 o - 2 scrolls of teleportation
 q - a scroll of enchant weapon
Potions
 f - 2 potions of heal wounds
 g - 3 potions of attraction
 h - a potion of curing
 i - 2 potions of berserk rage
 k - 2 potions of flight
 l - a potion of haste
 p - a potion of mutation
 s - a potion of lignification


   Skills:
 + Level 4.2 Fighting
 * Level 5.5 Maces & Flails
 + Level 4.3 Armour
 - Level 1.9 Dodging
 - Level 0.3 Stealth
 * Level 4.5 Evocations


You had 7 spell levels left.
You didn't know any spells.
Your spell library contained the following spells:

 Spells                   Type           Power        Failure   Level
 Corona                   Hex            0%           43%         1
 Ensorcelled Hibernation  Hex/Ice        0%           56%         2
 Confusing Touch          Hex            0%           80%         3
 Dazzling Flash           Conj/Hex       0%           80%         3
 Tukima's Dance           Hex            0%           80%         3


Dungeon Overview and Level Annotations

Branches:
Dungeon (7/15)              Sewer (visited)
 Temple: D:4-7

Altars:
Fedhas
Gozag
Makhleb
Xom
The Shining One

Annotations:
D:6 Menkaure


Innate Abilities, Weirdness & Mutations

You are too large for most types of armour.
You have claws for hands.
Your natural rate of healing is unusually fast.
You are covered in fur. (AC +1)
You have extremely tough skin. (AC +3)


Message History

2 orcs, an orc priest, an orc wizard and a zombie come into view.
The orc shouts!
The orc priest shouts!
The orc shouts!
There is a stone staircase leading up here.
There are monsters nearby!
An orc is nearby!
A quokka and an orc wizard come into view.
The orc wizard shouts! x2
The orc wizard mumbles some strange words.
The orc wizard seems to speed up.
The orc wizard casts a spell at itself.
The orc wizard flickers and vanishes!
Deactivating autopickup; reactivate with Ctrl-A.
The quokka moves out of view.
There is a stone staircase leading up here.
As you read the scroll of teleportation, it crumbles to dust.
You feel strangely unstable.
The orc priest calls down the wrath of Beogh upon you.
Beogh smites you!
You die...
Your body crumbles into a pile of gold.

....r.#
.......
...o.##
.o.Z...
.o...##
.o.....
###.....##
#.@.......
###.....##
######


You could see an orc priest, an orc wizard (fast), 2 orcs, a bullfrog zombie and
a quokka.

Vanquished Creatures
  Grinder (D:5)
  Sigmund (D:6)
  A water moccasin (Sewer)
  A sky beast (D:4)
  An orc warrior (D:6)
  A phantom (D:4)
  A centaur (D:5)
  A bullfrog (D:6)
  2 scorpions
  2 hounds (D:4)
  2 jellies
  3 orc wizards
  A centaur skeleton (D:4)
  Natasha (thrice) (D:2)
  4 iguanas
  2 worker ants
  A hound skeleton (D:6)
  4 gnolls (D:4)
  5 adders
  2 ufetubi
  An ooze (D:3)
  3 adder skeletons
  3 worms
  6 dart slugs
  4 leopard geckos
  8 orcs
  4 giant cockroaches
  5 goblins
  3 hobgoblins
  5 jackals
  7 kobolds
  A quokka (D:4)
  A ball python (D:6)
  5 bats
  3 frilled lizards
  A jackal skeleton (D:3)
  10 rats
  A bush (D:4)
110 creatures vanquished.

Vanquished Creatures (others)
  An orc wizard (D:3)
  3 plants (D:4)
4 creatures vanquished.

Grand Total: 114 creatures vanquished

Notes
Turn   | Place    | Note
-------+----------+-------------------------------------------
     0 | D:1      | Gadfly the Troll Artificer began the quest for the Orb.
     0 | D:1      | Reached XP level 1. HP: 18/18 MP: 0/0
    45 | D:1      | Reached skill level 1 in Fighting
    74 | D:1      | Reached XP level 2. HP: 22/27 MP: 1/1
   139 | D:1      | Reached skill level 1 in Maces & Flails
   155 | D:1      | Reached skill level 1 in Armour
   556 | D:1      | Reached XP level 3. HP: 33/33 MP: 2/2
   791 | D:2      | Found a glowing golden altar of the Shining One.
  1387 | D:2      | You fall into a shaft and drop 1 floor!
  1718 | D:2      | Found a blossoming altar of Fedhas.
  1729 | D:2      | Noticed Natasha
  1742 | D:2      | Killed Natasha
  1743 | D:2      | Reached skill level 2 in Maces & Flails
  1743 | D:2      | Reached XP level 4. HP: 25/41 MP: 3/3
  2645 | D:3      | Reached XP level 5. HP: 45/49 MP: 4/4
  3372 | D:3      | Found a faded altar of an unknown god.
  3840 | D:2      | Noticed Natasha
  3847 | D:2      | Killed Natasha
  4077 | D:2      | Noticed Natasha
  4083 | D:2      | Killed Natasha
  4186 | D:4      | Noticed a phantom
  4219 | D:4      | Killed a phantom
  4220 | D:4      | Reached skill level 3 in Maces & Flails
  4220 | D:4      | Reached XP level 6. HP: 20/59 MP: 5/5
  4481 | D:4      | Found an opulent altar of Gozag.
  4627 | D:4      | Became a worshipper of Gozag Ym Sagoz the Greedy
  5213 | D:4      | Reached XP level 7. HP: 29/67 MP: 6/6
  5687 | D:5      | Entered Level 5 of the Dungeon
  5687 | D:5      | Found a burning altar of Makhleb.
  5719 | D:5      | Found a shimmering altar of Xom.
  5954 | D:5      | Noticed Grinder
  5971 | D:5      | Killed Grinder
  5972 | D:5      | Reached skill level 4 in Maces & Flails
  6356 | D:5      | Reached XP level 8. HP: 30/78 MP: 7/7
  6634 | D:6      | Noticed Sigmund
  6657 | D:6      | Killed Sigmund
  6658 | D:6      | Reached skill level 5 in Maces & Flails
  6857 | D:6      | Found a glowing drain.
  6870 | Sewer    | Entered a sewer
  7356 | D:6      | Noticed Menkaure
  7382 | D:7      | Killed from afar by an orc priest

Illustrated notes

Levels and vault maps discovered:
D:1:      dpeg_arrival_shrine, layout_rooms
D:2:      layout_basic, tso_oasis_becter, fedhas_altar_1, uniq_natasha
D:3:      layout_loops_ring, chequers_ecumenical_altar_simple_redux,
          minmay_misc_feat_four_crosses, st_stairs_3
D:4:      layout_basic, serial_forest, infiniplex_forest_corner_1,
          infiniplex_forest_clump_small, infiniplex_forest_end_2,
          infiniplex_forest_clump_curved, infiniplex_forest_lined_room_2,
          infiniplex_forest_zigzag_1, infiniplex_forest_clump_double,
          nicolae_gozag_cash_rules_everything_around_me
D:5:      layout_cave_pools, bloody_makhleb, grunt_ministairs_12,
          xom_teletrap_fun, uniq_grinder
D:6:      layout_loops_ring, lemuel_round_altar, cheibrodos_sewer_entry_sluice,
          minmay_misc_feat_more_columns, uniq_edmund, uniq_menkaure,
          uniq_sigmund
D:7:      layout_basic, marbit_many_paths, overflow_temple_1_default,
          minmay_temple_entry_junction

Skill      XL: |  1  2  3  4  5  6  7  8 |
---------------+-------------------------+-----
Fighting       | 1 2 3 4 |  4.2
Maces & Flails | 1 2 3 4 5 |  5.5
Armour         | 1 2 3 4 |  4.3
Evocations     | 3 4 |  4.5
Dodging        | |  1.9
Stealth        | |  0.3

Action                   |  1- 3 |  4- 6 |  7- 9 || total
-------------------------+-------+-------+-------++-------
Melee: Club              |   179 |       |       ||   179
       Whip              |    10 |   125 |       ||   135
       Flail             |       |   150 |   163 ||   313
       Scythe            |       |       |    37 ||    37
       Long sword        |       |       |    11 ||    11
Evoke: Wand              |     1 |     5 |     3 ||     9
  Use: Scroll            |     6 |     5 |     5 ||    16
       Potion            |     2 |     2 |     2 ||     6
 Stab: Sleeping          |     2 |     2 |     1 ||     5
       Distracted        |       |     1 |       ||     1
Armor: Robe              |   105 |   103 |    68 ||   276
       Skin              |       |       |     8 ||     8
Dodge: Dodged            |   102 |   152 |   109 ||   363
Block: Other             |       |       |    29 ||    29
       Rpst.: Long sword |       |       |     1 ||     1
